tertium, neutral male human Tourist ---- ---..--- --- ---- --- |......| --- --- --.--- |..-----.-- |...--.--- --.--- ---- ----.---....-- --........| --..||...| |....| ---..---............-- ---.....-- |.-----.--------....------....................| |....-- |.| |..................................-...-- |-..-- ------ |.| --...-------.------..................--- ---...-- |.|..| -----|.| --.-- |..---..................--- ------......| |....-- |...-|.| --- |.....................--- |..........-- |.....--- -----....|.| |....---.............-- |..........-----.|.....| |.|.....-|.| |....| ------........| ---...---...-|...|.....| |.......--.| --...|--- |.....---- --...||..)..|.--|....-- --.........| |...--.-- |....------------->.----........|---.-- |.........| |.....).-----...........).))...............| --- --...---..-- --.....%.u-----..----------------.........-- ---...--|...| ------.q@S.# --...--..-- --........| |...--.--..-| --..-- |........| |........-- |..--|......| |.<| ---......| --........| ---- --.--.-- ---- ---.---- ----.|.--- ------ --- ----- tertium the Excursionist Experience level: 7 Strength: 12 Dexterity: 10 Constitution: 18 Intelligence: 13 Wisdom: 10 Charisma: 16 Health: 0(65) Energy: 20(20) AC: -2 Gold: 283 Moves: 9099 Your Inventory: Coins $ - 283 gold pieces Weapons a - a blessed [+3] dagger of frost (weapon in hand) B - 26 +2 darts (in quiver) F - a [cursed -2] arrow N - an uncursed [+0] runed dagger [elven] Armor t - an uncursed rusty +0 hard hat [dwarvish iron helm] (being worn) u - a blessed +0 pair of jackboots [high] (being worn) y - an uncursed +0 small shield (being worn) E - an uncursed +0 pair of riding gloves [leather] (being worn) G - a blessed +1 studded leather armor [of drain resistance] (being worn) Q - an uncursed +1 coarse mantelet [orcish cloak] (being worn) Comestibles b - an uncursed slime mold c - 5 uncursed tripe rations H - an uncursed lizard corpse Y - 4 uncursed food rations Scrolls M - an uncursed scroll of teleportation Potions q - an uncursed potion of healing Z - an uncursed gooey potion [of fruit juice] Wands j - a wand of teleportation (0:0) n - an uncursed wand of slow monster [0:4] C - an uncursed wand called undead turning [of undead turning (0:1)] T - an uncursed wand of digging [0:6] V - an uncursed wand of cold [0:4] Tools e - an uncursed [+0] pick-axe g - an uncursed tin whistle h - an uncursed bag called sack [sack] l - an uncursed brass lantern (lit) s - an uncursed key [skeleton key] S - an expensive camera (0:80) Gems I - an [uncursed] black gem [obsidian] J - an [uncursed] red gem [ruby] K - an [uncursed] yellowish brown gem [worthless glass] Contents of the sack: 1201 gold pieces an uncursed scroll called HA 100 [of food detection] an uncursed scroll labeled HZLRC KSTSBD MPFNG [of create monster] an uncursed scroll of enchant armor an uncursed scroll of enchant weapon a blessed scroll of fire an uncursed scroll of identify 3 uncursed scrolls of magic mapping 2 uncursed clear potions [of water] 2 uncursed potions called object detection [of object detection] 2 uncursed potions of extra healing an uncursed [oil] lamp called oil an uncursed [oil] lamp called oil Spells known in the end: Name Level Category Fail Memory a - jumping 1 escape 57% [|||||...] b - detect monsters 1 divination 57% [|||||...] c - cone of cold 4 attack 100% [||||||..] d - wizard lock 2 matter 100% [|||||||.] e - magic mapping 5 divination 100% [|||||||.] Your skills at the end: Fighting Skills body armor [Basic / Basic] Weapon Skills dagger [Basic / Expert] dart [Basic / Expert] Spellcasting Skills Final Attributes: You were piously aligned. Hunger level was 545. Your alignment was 55 / 55. Monster difficulty range was 1 - 8. Level difficulty was 9. You resisted cold. You were immune to level-drain. You were telepathic. Your luck was zero. You are dead. Vanquished creatures: a giant mimic 2 small mimics 6 warhorses a large dog 4 watchmen a wolf a black light a vampire bat a gnome king an ogre a gold golem a lizard a dingo 2 dwarf lords a gnome mummy a snake a bugbear 4 water nymphs 4 Mordor orcs 5 Uruk-hai a rock piercer 3 enormous rats a rock mole a fog cloud a yellow light a violet fungus 10 gnome lords 4 gnomish wizards 2 gray oozes a barrow wight a straw golem a little dog 2 floating eyes a kitten 11 dwarves 2 homunculi a kobold lord a kobold shaman 7 hill orcs 2 rothes 2 rabid rats 4 giant bats 6 monkeys 7 dwarf zombies 3 werejackals 6 iguanas 4 killer bees 2 coyotes 3 hobbits a hobgoblin 2 giant rats a cave spider 2 yellow molds 66 gnomes 4 geckos 7 jackals a fox a kobold 13 grid bugs a bat 3 lichens 2 kobold zombies 5 newts 240 creatures vanquished. Voluntary challenges: You used a wielded weapon 86 times. You read items or engraved 15 times. You put on armor 49 times. You never genocided any monsters. You never polymorphed an object. You never changed form. You used no wishes. You abstained from Elbereth's help. You never encountered a bones level. You never used any Sokoban shortcuts. Dungeon overview: The Dungeons of Doom: levels 1 to 7 Level 1 a fountain a long staircase Level 2 a fountain Level 3 a potion shop stairs to The Gnomish Mines Level 4 a general store, a sink Level 5 some fountains Level 6 (gold) an altar to The Lady The Gnomish Mines: levels 4 to 10 Level 4 stairs to The Dungeons of Doom Level 7 many shops, a temple to The Lady, a magic chest, some fountains, a sink Level 9 <- You were here History has recorded: On T:1 you entered the Dungeons of Doom to retrieve the Amulet of Yendor! On T:20 you reached level 2 of The Dungeons of Doom. On T:456 you advanced to experience level 2. On T:487 you reached level 3 of The Dungeons of Doom. On T:877 you advanced to experience level 3. On T:1137 you reached level 4 of The Dungeons of Doom. On T:1219 you reached level 1 of The Gnomish Mines. On T:1410 you advanced to experience level 4. On T:1838 you reached level 5 of The Dungeons of Doom. On T:1889 you advanced to experience level 5. On T:3526 you advanced to experience level 6. On T:3872 you reached level 6 of The Dungeons of Doom. On T:4204 you reached level 7 of The Dungeons of Doom. On T:4462 you received 7 rustproof darts of fire from The Lady. On T:5202 you reached level 2 of The Gnomish Mines. On T:5429 you advanced to experience level 7. On T:5708 you reached level 3 of The Gnomish Mines. On T:5710 you reached level 4 of The Gnomish Mines. On T:6202 you reached level 6 of The Gnomish Mines. On T:6234 you reached level 7 of The Gnomish Mines. On T:6269 you reached level 5 of The Gnomish Mines. Latest messages: There are many more objects here. You have a little trouble lifting I - a black gem. You have a little trouble lifting J - a red gem. You have a little trouble lifting K - a yellowish brown gem. [HP+1=27] [2 turns] You see here 2 darts. You miss it. The pit viper misses. The pit viper bites! [HP-1=26] Your dagger of frost freezes the pit viper! The pit viper bites! (3x) The pit viper misses. [HP-5=21] [2 turns] You feel an absence of magical power. The pit viper bites! The pit viper misses. The mastodon butts! (2x) You die... Final status: Aloha tertium the Tourist... You died in The Gnomish Mines on dungeon level 9 with 2973 points, and 1484 pieces of gold, after 9099 moves. You were level 7 with a maximum of 65 hit points when you died.